Map: Solaris LE

Players

A.I. 1 (Very Easy) - Winner!

  • Race: Protoss Protoss
  • Spawn Location: 1:00

flashandfoul

  • Race: Terran Terran
  • Spawn Location: 7:00

VOD

Have the link to the VOD?

Description

Time

  • Played on: Feb. 25, 2024, 11:47 a.m.
  • Length: 5:07
Show
View Real Time Build Order
Export as new Build Order

A.I. 1 (Very Easy) Protoss - Winner!

Build Orders:  

Get SALT Encoding   

  6  0:00  Probe  
  13  0:13  Probe  
  14  0:19  Pylon  
  14  0:36  Assimilator  
  14  0:42  Gateway  
  14  0:46  Pylon  
  14  1:14  Assimilator  
  14  1:22  Probe  
  14  1:23  Zealot  
  14  1:30  Probe  
  17  1:33  Cybernetics Core  
  18  1:40  Probe  
  19  1:52  Probe  
  20  1:59  Warp Gate  
  20  2:01  Probe  
  21  2:09  Probe  
  22  2:37  Stalker  
Show
View Real Time Build Order
Export as new Build Order

flashandfoul Terran 

Build Orders: 2 Factory, Cyclone Opening 

Get SALT Encoding   

  6  0:00  SCV  
  13  0:12  SCV  
  14  0:17  Supply Depot  
  14  0:24  SCV  
  15  0:38  SCV  
  15  0:40  Barracks  
  16  0:44  Refinery  
  16  0:51  SCV  
  16  0:52  Refinery  
  17  1:03  SCV  
  18  1:15  SCV  
  19  1:27  Orbital Command  
  19  1:31  Factory  
  19  1:37  Supply Depot  
  19  1:41  Barracks Reactor  
  19  1:54  SCV  
  20  2:04  Factory  
  20  2:06  SCV  
  21  2:18  SCV  
  22  2:24  Cyclone x2  
  22  2:28  Barracks Tech Lab  
  26  2:31  SCV  
  27  2:43  SCV  
  28  2:46  Supply Depot  
  28  2:55  Command Center  
  28  3:01  Hurricane Engines  
  28  3:04  SCV  
  29  3:15  Cyclone  
  29  3:16  SCV  
  32  3:20  Supply Depot  
  32  3:28  Cyclone, SCV  
  35  3:38  Cyclone  
  35  3:40  SCV  
  38  3:47  Refinery  
  38  3:50  Cyclone  
  38  3:52  SCV  
  41  4:01  Cyclone  
  43  4:04  SCV  
  43  4:07  Orbital Command  
  44  4:11  Cyclone  
  44  4:17  SCV  
  47  4:22  Cyclone  
  49  4:29  SCV  
  50  4:32  SCV  
  50  4:33  Cyclone  
  53  4:39  Supply Depot  
  53  4:41  SCV  
  53  4:44  SCV  
  57  4:53  SCV  
  61  5:02  Supply Depot  
Tags
 
Add a new tag
Caveats
  • Supply blocks, unpowered buildings, or Contaminate may cause inaccurate times.
  • Supply counts are checked every 10 seconds.